 Dungeon Sprint DCSS version 0.24.0-123-gd5b16e6ec5 (webtiles) character file.

Game seed: 15885558550160482749, levelgen mode: deterministic

257 McKennaii the Destroyer (level 5, -1/33 (38) HPs)
             Began as a Draconian Conjurer on Jan 26, 2020.
             Slain by a necrophage (8 damage)
             ... in the Dungeon (Sprint II: "The Violet Keep of Menkaure").
             The game lasted 00:00:27 (56 turns).

McKennaii the Destroyer (Draconian Conjurer)          Turns: 56, Time: 00:00:27

HP:   -1/33 (38)    AC:  5    Str: 10    XL:     5   Next: 93%
MP:   0/12          EV: 13    Int: 17    God:
Gold: 0             SH:  0    Dex: 11    Spells: 13/14 levels left

rFire    . . .     SeeInvis .   (no weapon)
rCold    . . .     Gourm    .   (no shield)
rNeg     . . .     Faith    .   (armour unavailable)
rPois    .         Spirit   .   (helmet restricted)
rElec    .         Reflect  .   (no cloak)
rCorr    .         Harm     .   (no gloves)
MR       .....     NoTele   +   (no boots)
Stlth    ++........             (no amulet)
HPRegen  0.00/turn              (no ring)
MPRegen  0.13/turn              (no ring)

@: berserk cooldown, non-regenerating, badly diseased
A: unfitting armour, cold-blooded, AC +5
a: no special abilities


You were in the Dungeon.
You were not hungry.

You visited 1 branch

Inventory:

Scrolls
 h - a scroll of blinking
Potions
 c - a potion of curing
 d - a potion of heal wounds
 e - a potion of haste
 f - 2 potions of magic
Comestibles
 b - a ration


   Skills:
 + Level 3.7 Dodging
 + Level 3.3 Stealth
 * Level 5.3 Spellcasting
 + Level 10.6 Conjurations


You had 13 spell levels left.
You knew the following spells:

 Your Spells              Type           Power        Failure   Level  Hunger
a - Magic Dart            Conj           ####         1%          1    None

Your spell library contained the following spells:

 Spells                   Type           Power        Failure   Level  Hunger
 Searing Ray              Conj           #####.       1%          2    #......
 Iskenderun's Mystic Bla  Conj           #####...     1%          4    ####...
 Dazzling Spray           Conj/Hex       ###...       4%          3    ##.....
 Force Lance              Conj/Tloc      ###.....     16%         4    ####...
 Fulminant Prism          Conj/Hex       ###.......   16%         4    ####...


Dungeon Overview and Level Annotations

Branches:
Dungeon (1/1)

Altars:


Innate Abilities, Weirdness & Mutations

Your plain brown scales are hard. (AC +5)
You cannot fit into any form of body armour.
You are cold-blooded and may be slowed by cold attacks.


Message History

The necrophage barely misses you.
You barely miss the necrophage.
The necrophage is moderately damaged.
The necrophage hits you but does no damage.
You barely miss the necrophage.
The necrophage is moderately damaged.
The necrophage completely misses you.
You barely miss the necrophage.
You tail-slap the necrophage, but do no damage.
The necrophage is moderately damaged.
The necrophage hits you but does no damage.
Casting: Magic Dart (safe; 1% risk of failure)
Confirm with . or Enter, or press ? or * to list all spells.
Aiming: Magic Dart (safe; 1% risk of failure)
Press: ? - help, Shift-Dir - straight line, f/p - necrophage
Aim: a necrophage (moderately damaged)
The magic dart hits the necrophage!
The necrophage is severely damaged.
The necrophage hits you!
You die...

## ## ##.
.## .. ..
# .#. ##.
#n#
#$w.##@##
#+.<.+
#.w.##.##
##. #+# #
.#. H# #H
## ##


You could see a necrophage.

Vanquished Creatures
  3 necrophages (D)
3 creatures vanquished.

Vanquished Creatures (others)
  A crocodile (D)
1 creature vanquished.

Grand Total: 4 creatures vanquished

Notes
Turn   | Place    | Note
-------+----------+-------------------------------------------
     0 | D        | McKennaii the Draconian Conjurer began the quest for the
                  | Orb.
     0 | D        | Reached XP level 1. HP: 14/14 MP: 3/3
     1 | D        | Noticed a tyrant leech
     1 | D        | Noticed a tyrant leech
     5 | D        | Noticed a hippogriff
     5 | D        | Noticed a hippogriff
     9 | D        | Noticed a necrophage
     9 | D        | Noticed a necrophage
     9 | D        | Noticed a necrophage
     9 | D        | Noticed a necrophage
    16 | D        | Killed a necrophage
    16 | D        | Reached skill level 7 in Conjurations
    16 | D        | Reached XP level 2. HP: 19/19 MP: 3/6
    16 | D        | Reached XP level 3. HP: 25/25 MP: 4/8
    16 | D        | Reached XP level 4. HP: 32/32 MP: 4/9
    27 | D        | Killed a necrophage
    27 | D        | Reached skill level 9 in Conjurations
    27 | D        | Reached XP level 5. HP: 37/37 MP: 4/12
    38 | D        | Killed a crocodile
    41 | D        | Killed a necrophage
    41 | D        | Reached skill level 5 in Spellcasting
    41 | D        | Reached skill level 10 in Conjurations
    56 | D        | Slain by a necrophage

Levels and vault maps discovered:
D:        the_violet_keep_of_menkaure [sprint2_stairs_cluster_1,
          sprint2_shoproom, sprint2_temple, sprint2_basic_supplies,
          sprint2_obstacle_3, sprint2_obstacle_5, sprint2_obstacle_7,
          sprint2_obstacle_1, sprint2_obstacle_2, sprint2_timed_cluster_1,
          sprint2_smallroom_cluster_1, sprint2_smallroom_final_cluster_1,
          sprint2_transparent_cluster_1, sprint2_second_timed_cluster_1,
          sprint2_sniper_area_1, sprint2_heavy_combat_area_1,
          sprint2_mutation_trap_area_1, sprint2_forest_area_1,
          sprint2_light_combat_area_1, sprint2_behind_water_1,
          sprint2_near_end_vault_1]

Skill      XL: |  1  2  3  4  5 |
---------------+----------------+-----
Dodging        | 2 3 |  3.7
Stealth        | 2 3 |  3.3
Spellcasting   | 3 4 5 |  5.3
Conjurations   | 7 9 10 | 10.6

Action                   |  1- 3 |  4- 6 || total
-------------------------+-------+-------++-------
Melee: Unarmed           |     6 |    30 ||    36
       Tailslap          |       |     7 ||     7
 Cast: Magic Dart        |       |    10 ||    10
  Use: Potion            |     1 |       ||     1
Armor: Skin              |       |    11 ||    11
Dodge: Dodged            |     2 |    22 ||    24
